AoeStats
← NDF

Enclosed

504627214Analyzed
1v1 RM · 26d ago on Sep 6, 2026· 61m 2s· 2 players
Game mode
Random Map
Map size
Tiny (2 player)
Population
200
Speed
Normal
Resources
Standard
Victory
Conquest
Starting age
Dark Age
Ending age
Imperial Age
RankedLock teamsTeams togetherTeam positionsShared explorationLock speedFull tech treeHidden civsTurbo modeCheats
Victory
Defeat
🇨🇴 Persians · Colombia
400
+20
🇦🇷 Teutons · Argentina
487
-20
WilliamsSD03500
11:53 Feudal Age
15:34 Wheelbarrow
15:51 Double-Bit Axe
15:52 Horse Collar
21:58 Castle Age
19:25 Man-at-Arms
22:15 Arson
22:46 Stone Mining
23:00 Heavy Plow
23:15 Bow Saw
26:26 Gold Mining
28:17 Ballistics
29:23 Hand Cart
28:56 Pikeman
30:17 Squires
33:42 Stone Shaft Mining
34:28 Kamandaran
33:51 Crossbowman
36:36 Gold Shaft Mining
35:38 Long Swordsman
36:36 Padded Archer Armor
36:37 Scale Mail Armor
36:43 Scale Barding Armor
36:29 Fletching
37:08 Husbandry
37:40 Leather Archer Armor
40:38 Bodkin Arrow
40:59 Chain Mail Armor
40:56 Forging
49:16 Imperial Age
47:12 Chain Barding Armor
47:28 Iron Casting
46:46 Gambesons
47:09 Thumb Ring
50:09 Ring Archer Armor
50:10 Plate Mail Armor
50:16 Plate Barding Armor
50:43 Blast Furnace
50:47 Chemistry
49:16 Elite War Elephant
52:16 Citadels
52:57 Hoardings
53:33 Cavalier
54:40 Caravan
55:12 Coinage
54:53 Guilds
57:07 Savar
59:24 Two-Man Saw
59:04 Crop Rotation
60:15 Banking
NDF
3:14 Loom
11:52 Feudal Age
13:15 Man-at-Arms
16:59 Wheelbarrow
22:35 Castle Age
20:43 Double-Bit Axe
21:43 Arson
22:01 Horse Collar
22:22 Gold Mining
22:25 Stone Mining
24:15 Stone Shaft Mining
23:37 Crossbowman
24:43 Squires
26:11 Pikeman
32:14 Masonry
33:10 Forging
33:02 Padded Archer Armor
32:53 Fletching
37:37 Imperial Age
38:35 Iron Casting
38:17 Leather Archer Armor
38:04 Scale Mail Armor
38:09 Scale Barding Armor
38:46 Ironclad
39:11 Cavalier
39:34 Capped Ram
41:28 Heavy Plow
42:01 Sappers
43:09 Redemption
44:03 Elite Teutonic Knight
47:03 Hoardings
Connection lost

Rejoining the realm…

Still unreachable

The connection could not be restored.

Session expired

The server has moved on; the page needs a fresh start.